 Dungeon Crawl Stone Soup version 0.28-a0-21-gf74fda84f9 (webtiles) character file.

Game seed: 876002734312261945

1120 ezpacito the Distorting Demonspawn (level 8, -1/60 HPs)
             Began as a Demonspawn Abyssal Knight on July 26, 2021.
             Was a Believer of Lugonu.
             Slain by a two-headed ogre (25 damage)
             ... on level 6 of the Dungeon.
             The game lasted 00:07:30 (5447 turns).

ezpacito the Distorting Demonspawn (DsAK)           Turns: 5447, Time: 00:07:31

Health: -1/60      AC: 12    Str: 15    XL:     8   Next: 12%
Magic:  11/11      EV: 12    Int: 13    God:    Lugonu [**....]
Gold:   357        SH:  5    Dex: 19    Spells: 6/11 levels left

rFire   + . .      SeeInvis .   d - +2 war axe (flame)
rCold   . . .      Faith    .   (no shield)
rNeg    . . .      Spirit   .   E - +2 ring mail {rF+}
rPois   .          Reflect  +   (helmet restricted)
rElec   .          Harm     .   (no cloak)
rCorr   .          Rampage  .   t - +0 pair of gloves
Will    .....                   (no boots)
Stlth   +.........              n - amulet of reflection
HPRegen 0.20/turn               B - +4 ring of protection
MPRegen 0.12/turn               o - +6 ring of dexterity

@: flying, very slightly contaminated, invisible
A: claws 1, horns 1, talons 2, foul stench 1
a: Renounce Religion, Depart the Abyss, Bend Space


You were on level 6 of the Dungeon.
You worshipped Lugonu.
Lugonu was pleased with you.
You visited 2 branches of the dungeon, and saw 7 of its levels.
You visited the Abyss 1 time.

You collected 357 gold pieces.

Inventory:

Hand Weapons
 a - a +1 hand axe
 d - a +2 war axe of flaming (weapon)
 w - a +1 vorpal flail
 F - a +0 vorpal scythe
Missiles
 e - 94 stones
 v - 6 boomerangs (quivered)
Armour
 p - a +0 chain mail
 s - a +0 scale mail
 t - a +0 pair of gloves (worn)
 E - a +2 ring mail of fire resistance (worn)
Jewellery
 g - a ring of see invisible
 n - an amulet of reflection (around neck)
 o - a +6 ring of dexterity (right hand)
 y - an amulet of faith
 B - a +4 ring of protection (left hand)
 C - a ring of resist corrosion
Scrolls
 f - a scroll of vulnerability {unknown}
 h - a scroll of silence {unknown}
 i - a scroll of holy word {unknown}
 j - a scroll of summoning
 k - a scroll of enchant weapon {unknown}
 m - a scroll of enchant armour {unknown}
 q - a scroll of blinking {unknown}
 u - a scroll of amnesia {unknown}
 z - a scroll of magic mapping {unknown}
Potions
 b - 3 potions of flight
 l - 2 potions of attraction
 A - a potion of degeneration {unknown}
 D - a potion of mutation {unknown}
 G - a potion of heal wounds


   Skills:
 + Level 4.2 Fighting
 * Level 4.1 Axes
 + Level 2.0 Throwing
 + Level 3.2 Armour
 + Level 2.6 Dodging
 + Level 2.2 Unarmed Combat
 + Level 2.3 Spellcasting
 + Level 2.4 Conjurations
 + Level 2.2 Air Magic
 + Level 4.5 Invocations


You had 6 spell levels left.
You knew the following spells:

 Your Spells              Type           Power      Damage    Failure   Level
a - Shock                 Conj/Air       28%        1d4       19%         1
b - Inner Flame           Hex/Fire       1%         N/A       80%         3
c - Foxfire               Conj/Fire      16%        2x1d4     28%         1

Your spell library contained the following spells:

 Spells                   Type           Power      Damage    Failure   Level
 Static Discharge         Conj/Air       7%         N/A       28%         2
 Swiftness                Air            7%         N/A       50%         3
 Conjure Flame            Conj/Fire      4%         6-21      65%         3
 Airstrike                Air            3%         N/A       88%         4
 Lightning Bolt           Conj/Air       3%         1d15      99%         5
 Maxwell's Capacitive Co  Air            3%         ∞         100%        8


Dungeon Overview and Level Annotations

Branches:
Dungeon (6/15)             Temple (1/1) D:4

Altars:
Ashenzari
Cheibriados
Dithmenos
Elyvilon
Fedhas
Hepliaklqana
Kikubaaqudgha
Makhleb
Nemelex Xobeh
Okawaru
Qazlal
Ru
Sif Muna
Uskayaw
Vehumet
Wu Jian
Yredelemnul
Zin


Innate Abilities, Weirdness & Mutations

You have sharp fingernails.
You have a pair of small horns on your head.
You have razor-sharp toenails.
You may rarely emit foul miasma when damaged in melee.


Message History

You hit the two-headed ogre. You burn the two-headed ogre.
The two-headed ogre hits you with a +0 giant spiked club!
The two-headed ogre hits you with a +0 giant club!
The gnoll closely misses you.
It was a potion of flight.
You feel very buoyant.
You fly up into the air.
The adder bites you but does no damage.
The two-headed ogre hits you with a +0 giant spiked club.
You emit a cloud of foul miasma!
The two-headed ogre misses you. The adder misses you. The gnoll misses you.
The gnoll hits you but does no damage.
The two-headed ogre is engulfed in dark miasma.
The two-headed ogre is poisoned.
The adder bites you but does no damage.
You see here an adder corpse.
It was a potion of curing.
You feel better.
It was a potion of magic.
Magic courses through your body. The gnoll hits you but does no damage.
It was a potion of invisibility.
You fade into invisibility!
The two-headed ogre looks more healthy.
The two-headed ogre closely misses you. The two-headed ogre barely misses you.
The gnoll misses you.
You are very lightly contaminated with residual magic.
You slash the two-headed ogre! You burn the two-headed ogre.
The two-headed ogre is moderately wounded.
The two-headed ogre misses you. The two-headed ogre barely misses you.
You slash the two-headed ogre! You burn the two-headed ogre.
Your kick misses the two-headed ogre.
The two-headed ogre is heavily wounded.
The two-headed ogre hits you with a +0 giant spiked club.
The two-headed ogre misses you.
You hit the two-headed ogre. You burn the two-headed ogre.
You claw the two-headed ogre!
The two-headed ogre is severely wounded.
You block the two-headed ogre's attack.
The two-headed ogre hits you with a +0 giant club!!
You hit the two-headed ogre but do no damage.
You claw the two-headed ogre. You headbutt the two-headed ogre!
The two-headed ogre is almost dead.
The two-headed ogre hits you with a +0 giant spiked club!!
You die...

#.... ...# ...
#..#.#...#.#.#
##........#.....
##...#..##...#..#
#................
#[#..#.#.#.#...#
##..#.Sg....#
###.#.#O#..###
.......@...#
###.#.#...##
..........## .#
#.#.#..#....# .#
..#....#..#.#######
#.#
##.#.#..#.......#
..
#...#..#######.##.#
. ..#.<. #..#.### #
#..#.#.# ##......


You could see a two-headed ogre, a gnoll and an adder.

Vanquished Creatures
  A hornet (D:3)
  Sigmund (D:6)
  An ice beast (D:5)
  An ogre (D:4)
  A necrophage (D:4)
  A phantom (D:4)
  A scorpion (D:3)
  2 jellies
  A centaur zombie (D:5)
  A hound (D:4)
  An iguana (D:5)
  2 orc wizards (D:5)
  A scorpion zombie (D:5)
  4 adders
  A white imp (D:5)
  An ufetubus (D:6)
  An adder skeleton (D:4)
  3 worms
  3 dart slugs
  9 orcs
  2 ball pythons
  7 bats
  4 endoplasms
  A giant cockroach (D:2)
  3 goblins
  3 hobgoblins
  3 jackals (D:4)
  5 kobolds
  A quokka (D:3)
  2 frilled lizards
  A quokka skeleton (D:4)
  2 rats
71 creatures vanquished.

Vanquished Creatures (collateral kills)
  A centaur skeleton (D:5)
1 creature vanquished.

Vanquished Creatures (others)
  7 plants (D:6)
7 creatures vanquished.

Grand Total: 79 creatures vanquished

Notes
Turn   | Place    | Note
-------+----------+-------------------------------------------
     0 | Abyss:1  | ezpacito the Demonspawn Abyssal Knight began the quest for
                  | the Orb.
     0 | Abyss:1  | Reached XP level 1. HP: 18/18 MP: 2/2
    34 | Abyss:1  | Noticed a vampire
    56 | Abyss:2  | Noticed an ancient zyme
    61 | Abyss:2  | Noticed a wretched star
    61 | D:1      | Escaped the Abyss
   320 | D:1      | Reached skill level 1 in Dodging
   321 | D:1      | Reached * piety under Lugonu
   357 | D:1      | Found a faded altar of an unknown god.
   457 | D:1      | Gained mutation: You have sharp fingernails. [demonic
                  | ancestry]
   457 | D:1      | Reached XP level 2. HP: 24/24 MP: 4/4
   892 | D:2      | Learned a level 1 spell: Shock
   978 | D:2      | Gained mutation: You have sharp toenails. [demonic
                  | ancestry]
   978 | D:2      | Reached XP level 3. HP: 19/29 MP: 5/5
  1624 | D:3      | Noticed a scorpion
  1629 | D:3      | Killed a scorpion
  1630 | D:3      | Reached XP level 4. HP: 23/35 MP: 6/6
  1866 | D:3      | Found a shadowy altar of Dithmenos.
  1925 | D:3      | Reached skill level 1 in Spellcasting
  2215 | D:3      | Found an iron altar of Okawaru.
  2654 | D:4      | Noticed a hornet
  2673 | D:3      | Killed a hornet
  2674 | D:3      | Reached skill level 1 in Unarmed Combat
  2674 | D:3      | Reached skill level 1 in Conjurations
  2674 | D:3      | Reached skill level 1 in Air Magic
  2674 | D:3      | Gained mutation: You have a pair of small horns on your
                  | head. [demonic ancestry]
  2674 | D:3      | Reached XP level 5. HP: 41/41 MP: 7/7
  2674 | D:3      | Reached XP level 6. HP: 47/47 MP: 8/8
  3092 | D:4      | Reached skill level 1 in Throwing
  3126 | D:4      | HP: 2/48 [ogre (28)]
  3130 | D:4      | Gained mutation: You may rarely emit foul miasma when
                  | damaged in melee. [demonic ancestry]
  3130 | D:4      | Reached XP level 7. HP: 39/53 MP: 9/9
  3518 | D:4      | Found a staircase to the Ecumenical Temple.
  3912 | Temple   | Entered the Ecumenical Temple
  3991 | D:5      | Entered Level 5 of the Dungeon
  4288 | D:5      | Reached ** piety under Lugonu
  4293 | D:5      | Learned a level 3 spell: Inner Flame
  4298 | D:5      | Learned a level 1 spell: Foxfire
  4479 | D:5      | Noticed a +0 falchion
  4479 | D:5      | Noticed a +0 spear
  4479 | D:5      | Noticed a +0 dagger
  4480 | D:5      | Noticed a +0 short sword
  4480 | D:5      | Noticed a +0 spear
  4480 | D:5      | Noticed a +0 dagger
  4481 | D:5      | Noticed a +0 short sword
  4481 | D:5      | Noticed a +0 falchion
  4921 | D:5      | Found a hide-covered altar of Uskayaw.
  5008 | D:5      | Found a burning altar of Makhleb.
  5008 | D:5      | Noticed a cacodemon
  5206 | D:6      | Noticed Sigmund
  5217 | D:6      | Killed Sigmund
  5218 | D:6      | Gained mutation: You have razor-sharp toenails. [demonic
                  | ancestry]
  5218 | D:6      | Reached XP level 8. HP: 25/60 MP: 11/11
  5428 | D:6      | Noticed a two-headed ogre
  5447 | D:6      | Slain by a two-headed ogre

Illustrated notes

Levels and vault maps discovered:
D:1:      heliophobic_arrival_battle_scene, layout_basic,
          hellmonk_ecumenical_altar_arch_garden
D:2:      layout_basic
D:3:      layout_basic, lemuel_round_altar, okawaru_ov_weapons_minmay
D:4:      layout_cave_pods, minmay_temple_entry_grid, kennysheep_generic_room_6
D:5:      layout_basic, nicolae_uskayaw_en_pointe, makhleb_altar_promises_db,
          serial_park_tiny_2
D:6:      layout_rooms, hangedman_decor_riveting,
          chequers_serial_rivers_micro_b, serial_bayou_crossing, uniq_sigmund
Temple:   eino_temple_lava

Skill      XL: |  1  2  3  4  5  6  7 |
---------------+----------------------+-----
Dodging        | 1 2 |  2.6
Axes           | 2 3 4 |  4.1
Armour         | 2 3 |  3.2
Invocations    | 3 4 |  4.5
Spellcasting   | 1 2 |  2.3
Unarmed Combat | 1 2 |  2.2
Conjurations   | 1 2 |  2.4
Air Magic      | 1 2 |  2.2
Throwing       | 1 2 |  2.0
Fighting       | 4 |  4.2

Action                   |  1- 3 |  4- 6 |  7- 9 || total
-------------------------+-------+-------+-------++-------
Melee: War axe           |    56 |    54 |    77 ||   187
       Kick              |     6 |    14 |    25 ||    45
       Headbutt          |       |     5 |    19 ||    24
       Punch             |       |       |     1 ||     1
Invok: Depart the Abyss  |     1 |       |       ||     1
  Use: Scroll            |     4 |       |     1 ||     5
       Potion            |       |     4 |     4 ||     8
Armor: Leather armour    |    17 |       |       ||    17
       Chain mail        |     4 |     1 |       ||     5
       Skin              |       |    13 |       ||    13
       Scale mail        |       |    15 |    24 ||    39
       Ring mail         |       |       |     8 ||     8
Dodge: Dodged            |    24 |    27 |    58 ||   109
Block: Other             |       |    24 |    21 ||    45

Table legend: (Time is in decaauts)
 A = Elapsed time spent in this place.
 B = Non-inter-level travel time spent in this place.
 C = Inter-level travel time spent in this place.
 D = Time resting spent in this place.
 E = Time spent auto-exploring this place.
 F = Levels seen in this place.
 G = Mean time per level.
                   A        B        C        D        E       F      G
               +--------+--------+--------+--------+--------+-----+--------+
         Total |   5521 |   5273 |    248 |    733 |   3914 |   9 |  613.4 |
       Dungeon |   5396 |   5159 |    237 |    733 |   3821 |   6 |  899.3 |
        Temple |     64 |     54 |     10 |      0 |     54 |   1 |   64.0 |
         Abyss |     60 |     60 |      0 |      0 |     39 |   2 |   30.0 |
               +--------+--------+--------+--------+--------+-----+--------+

Top non-repeatable levels by time:
     D:3: 1245 daAuts
     D:5: 1209 daAuts
     D:4: 1194 daAuts
     D:1: 776 daAuts
     D:2: 723 daAuts
     D:6: 247 daAuts
  Temple: 64 daAuts
 Abyss:1: 47 daAuts
 Abyss:2: 12 daAuts
